AoeStats
← CrappyMike87

Black Forest

509245273Analyzed
3v3 RM · 6d ago on Sep 26, 2026· 48m 57s· 6 players
Game mode
Random Map
Map size
Normal (6 player)
Population
200
Speed
Normal
Resources
Standard
Victory
Conquest
Starting age
Dark Age
Ending age
Imperial Age
RankedLock teamsTeams togetherTeam positionsShared explorationLock speedFull tech treeHidden civsTurbo modeCheats
Victory
Defeat
🇵🇪 Khmer · Peru
676
+7
🇵🇪 Vietnamese · Peru
555
+10
🇵🇪 Japanese · Peru
532
+11
🇺🇸 Huns · United States
460
-10
🇺🇸 Spanish · United States
433
-9
🇺🇸 Celts · United States
426
-9
Lisan al Gaib
1:17 Loom
12:54 Feudal Age
14:39 Wheelbarrow
14:07 Double-Bit Axe
14:34 Horse Collar
22:17 Castle Age
23:16 Bow Saw
23:42 Hand Cart
23:38 Caravan
23:33 Arson
23:49 Squires
23:09 Man-at-Arms
23:56 Gold Mining
24:00 Stone Mining
24:14 Heavy Plow
26:38 Town Watch
32:01 Stone Shaft Mining
35:14 Imperial Age
34:35 Long Swordsman
35:30 Forging
35:21 Scale Mail Armor
35:21 Padded Archer Armor
35:11 Fletching
35:58 Town Patrol
37:01 Two-Man Saw
36:36 Crop Rotation
36:38 Paper Money
35:42 Elite Rattan Archer
36:35 Two-Handed Swordsman
36:44 Capped Ram
38:33 Paper Money
41:06 Champion
43:47 Iron Casting
43:28 Chain Mail Armor
43:29 Leather Archer Armor
43:09 Bodkin Arrow
43:20 Scale Barding Armor
45:58 Husbandry
46:08 Bloodlines
45:19 Elite Battle Elephant
markex_22
14:00 Feudal Age
14:29 Horse Collar
14:41 Double-Bit Axe
16:53 Gold Mining
16:54 Stone Mining
19:36 Wheelbarrow
24:46 Arson
27:54 Castle Age
29:49 Gold Shaft Mining
29:16 Heavy Plow
31:29 Caravan
32:29 Crossbowman
34:18 Masonry
35:19 Sanctity
35:01 Devotion
37:04 Bow Saw
36:30 Pikeman
37:11 Squires
37:23 Forging
37:14 Scale Mail Armor
37:20 Scale Barding Armor
37:15 Padded Archer Armor
37:06 Fletching
38:17 Thumb Ring
39:27 Murder Holes
40:13 Yasama
40:58 Fortified Wall
41:12 Hand Cart
40:43 Loom
40:44 Town Watch
42:41 Husbandry
44:22 Leather Archer Armor
SeduN giordota.com
14:59 Feudal Age
17:40 Castle Age
16:08 Double-Bit Axe
16:06 Horse Collar
25:08 Wheelbarrow
25:42 Bow Saw
25:40 Heavy Plow
28:30 Caravan
29:02 Stone Mining
29:03 Gold Mining
30:25 Hand Cart
33:25 Gold Shaft Mining
33:26 Stone Shaft Mining
37:18 Imperial Age
37:34 Scale Barding Armor
37:38 Heavy Scorpion
39:06 Crop Rotation
39:25 Double Crossbow
40:36 Elite Battle Elephant
41:27 Bloodlines
41:49 Husbandry
42:03 Tusk Swords
42:24 Conscription
42:54 Chain Barding Armor
43:02 Light Cavalry
45:25 Plate Barding Armor
44:59 Siege Engineers
45:18 Hussar
46:33 Coinage
46:27 Ballistics
47:12 Chemistry
AgentVENM300
0:31 Loom
13:50 Feudal Age
14:24 Horse Collar
16:53 Wheelbarrow
16:22 Town Watch
17:25 Double-Bit Axe
22:30 Man-at-Arms
22:57 Arson
23:14 Gold Mining
23:15 Stone Mining
24:46 Fishing Lines
26:13 Fletching
26:24 Padded Archer Armor
26:25 Scale Mail Armor
27:16 Forging
27:12 Scale Barding Armor
30:54 Castle Age
31:56 Heavy Plow
31:24 Long Swordsman
31:25 Pikeman
32:07 Squires
31:53 Gambesons
32:31 Bow Saw
33:29 Stone Shaft Mining
32:49 Elite Skirmisher
33:39 Town Patrol
34:44 Caravan
35:15 Coinage
35:07 Inquisition
39:06 Imperial Age
37:39 Chain Barding Armor
37:55 Iron Casting
37:58 Thumb Ring
39:32 Hand Cart
40:24 Light Cavalry
42:06 Two-Handed Swordsman
44:19 Halberdier
45:19 Bloodlines
45:09 Husbandry
FredDaddy
1:00 Loom
16:29 Feudal Age
18:22 Wheelbarrow
18:49 Double-Bit Axe
26:56 Castle Age
25:39 Gold Mining
28:12 Hand Cart
29:10 Caravan
30:21 Stone Mining
30:54 Bow Saw
30:30 Horse Collar
40:37 Imperial Age
44:02 Elite Woad Raider
47:54 Furor Celtica
CrappyMike87
0:28 Loom
15:34 Feudal Age
17:27 Wheelbarrow
17:01 Double-Bit Axe
20:14 Gold Mining
23:52 Castle Age
26:16 Horse Collar
31:32 Imperial Age
30:17 Stone Mining
32:37 Gold Shaft Mining
34:32 Heavy Plow
35:09 Bow Saw
35:09 Scale Barding Armor
35:16 Forging
35:07 Scale Mail Armor
35:08 Padded Archer Armor
35:00 Fletching
37:42 Two-Man Saw
38:00 Hand Cart
37:43 Town Watch
38:44 Husbandry
40:21 Bloodlines
40:44 Capped Ram
41:41 Cavalier
43:13 Conscription
43:49 Pikeman
46:35 Iron Casting
46:21 Chain Barding Armor
Connection lost

Rejoining the realm…

Still unreachable

The connection could not be restored.

Session expired

The server has moved on; the page needs a fresh start.